cohdb
Replays
Latest Replays
All Replays
Popular Replays
Top Player Replays
Match Explorer
How It Works
Community
CoH3 Stats
Reddit
Sign in to upload your games and track your stats! →
Sign in with Steam
Match 45764819
Unlisted
Match 45764819
Overview
Messages
Build Orders
End
Engineer Squad
Construct Barracks
Selects Heavy Weapons
Riflemen Squad
Riflemen Squad
Construct Weapon Support Center
Riflemen Squad
Bazooka Squad
Mechanized Support Center
M3 Armored Personnel Carrier
Selects Assault Carriers
Selects Exchangeable Parts
Grenade Package
M3 Assault Carrier
M3 Assault Carrier
M3 Assault Carrier
Construct Tank Depot
Improvised Armor
M3 Assault Carrier
M3 Assault Carrier
M1918 Browning Automatic Rifles
M3 Assault Carrier
Designate Forward Repair Station
.30 cal Machine Gun
Nekrocow
MOJO
JVM
DreAm
Major-Chaos
Spytomb
Butcher
iru
0
0
Comments
sign in to comment!
No comments posted yet!